 Dungeon Crawl Stone Soup version 0.27-a0-343-gfcad680f63 (webtiles) character file.

Game seed: 9321211814680681614

88 tilp the Sneak (level 4, -6/29 HPs)
             Began as an Octopode Transmuter on Feb 14, 2021.
             Was an Initiate of Makhleb.
             Mangled by an orc priest
             ... wielding a +0 war axe
              (8 damage)
             ... on level 3 of the Dungeon.
             The game lasted 00:02:50 (2571 turns).

tilp the Sneak (Octopode Transmuter)                Turns: 2571, Time: 00:02:51

Health: -6/29      AC:  1    Str:  9    XL:     4   Next: 53%
Magic:  6/7        EV: 13    Int: 16    God:    Makhleb [......]
Gold:   74         SH:  0    Dex: 12    Spells: 1/7 levels left

rFire    . . .     SeeInvis .     - Unarmed
rCold    . . .     Faith    .   (no shield)
rNeg     . . .     Spirit   .   (helmet restricted)
rPois    .         Reflect  .   (no amulet)
rElec    .         Harm     .   g - ring of wizardry
rCorr    .         Rampage  .   (no ring)
Will     .....                  (no ring)
Stlth    +++.......             (no ring)
HPRegen  0.09/turn              (no ring)
MPRegen  0.10/turn              (no ring)
                                (no ring)
                                (no ring)

@: brilliant, wereblooded (expiring), hasted, very quick
A: almost no armour, stealthy swim, amphibious, 8 rings, constrict 8, camouflage
1, gelatinous body 1
a: Renounce Religion


You were on level 3 of the Dungeon.
You worshipped Makhleb.
Makhleb was noncommittal.
You visited 1 branch of the dungeon, and saw 3 of its levels.

You collected 74 gold pieces.

Inventory:

Missiles
 a - 8 javelins
 f - 29 stones (quivered)
Jewellery
 g - a ring of wizardry (left tentacle)
Scrolls
 b - 2 scrolls of identify {unknown}
 h - a scroll of enchant armour {unknown}
 i - a scroll of blinking {unknown}
 j - a scroll of fog {unknown}
Potions
 e - a potion of curing {unknown}


   Skills:
 - Level 2.0 Fighting
 - Level 2.0 Dodging
 - Level 4.0 Stealth
 + Level 3.8 Unarmed Combat
 - Level 2.0 Spellcasting
 - Level 2.0 Transmutations


You had one spell level left.
You knew the following spells:

 Your Spells              Type           Power        Failure   Level
a - Beastly Appendage     Tmut           24%          3%          1
b - Wereblood             Tmut           12%          6%          2
c - Spider Form           Tmut/Pois      3%           16%         3

Your spell library contained the following spells:

 Spells                   Type           Power        Failure   Level
 Ice Form                 Ice/Tmut       7%           45%         4
 Blade Hands              Tmut           6%           65%         5


Dungeon Overview and Level Annotations

Branches:
Dungeon (3/15)

Altars:
Makhleb
Vehumet
Yredelemnul

Annotations:
D:3 Sigmund


Innate Abilities, Weirdness & Mutations

You cannot wear most types of armour.
You are very stealthy in the water. (Stealth+)
You are amphibious.
You can wear up to eight rings at the same time.
You can use your tentacles to constrict eight enemies at once.
Your skin changes colour to match your surroundings (Stealth+).
Your rubbery body absorbs attacks. (AC +1, EV +1)


Message History

A kobold comes into view. It is wielding a +0 club.
The orc priest calls down the wrath of Beogh upon you.
Beogh smites you!
* * * LOW HITPOINT WARNING * * *
The orc priest barely misses you.
Found 10 gold pieces.
You closely miss the orc priest. You grab the orc priest.
You tentacle-slap the orc priest.
The orc priest is moderately wounded.
You constrict the orc priest.
The orc priest hits you but does no damage.
You bludgeon the orc priest! You grab the orc priest.
The orc priest is heavily wounded.
Your tentacle spike disappears.
You constrict the orc priest. x2
The orc priest hits you but does no damage.
The orc priest hits you with a +0 club.
* * * LOW HITPOINT WARNING * * *
The orc hits you with a +0 dagger.
* * * LOW HITPOINT WARNING * * *
It was a potion of haste.
You feel yourself speed up.
You howl as the wereblood boils in your veins!
Your primal bloodlust is almost over.
You constrict the orc priest. x2; The orc hits you with a +0 dagger.
* * * LOW HITPOINT WARNING * * *
The orc priest calls upon Beogh to heal the orc priest.
The orc priest is healed somewhat.
The orc priest closely misses you.
It was a potion of brilliance.
You feel clever all of a sudden.
You constrict the orc priest, but do no damage.
You constrict the orc priest. The orc barely misses you.
The orc priest hits you with a +0 club.
* * * LOW HITPOINT WARNING * * *
Unknown command.
You tentacle-slap the orc priest.
You kill the orc priest!
Makhleb accepts your kill.
You constrict the orc priest.
The orc priest hits you with a +0 war axe!
You die...

...#### #.#
......# #.#
...##.# #.###
#### # #...#
#### ###.# ...
#.# .. #.# .## #
######)##o.#)..#
#...^>..@oK.._..
#.####.##).#...#
#.# .## # #.# $.
#.# ... #.# #...
#.# ..## ... .##


You could see an orc priest, an orc and a kobold.

Vanquished Creatures
  An orc priest (D:3)
  2 adders (D:2)
  3 dart slugs (D:1)
  2 worms
  5 leopard geckos
  3 orcs (D:3)
  A ball python (D:1)
  4 giant cockroaches (D:2)
  4 goblins
  3 hobgoblins
  3 jackals (D:1)
  2 bats
  3 frilled lizards
  6 kobolds
  7 rats
49 creatures vanquished.

Notes
Turn   | Place    | Note
-------+----------+-------------------------------------------
     0 | D:1      | tilp the Octopode Transmuter began the quest for the Orb.
     0 | D:1      | Reached XP level 1. HP: 13/13 MP: 3/3
    35 | D:1      | Reached skill level 1 in Stealth
    45 | D:1      | Reached skill level 2 in Stealth
    45 | D:1      | Reached XP level 2. HP: 14/18 MP: 5/5
    48 | D:1      | Learned a level 2 spell: Wereblood
   208 | D:1      | Reached skill level 3 in Stealth
   892 | D:1      | Reached XP level 3. HP: 23/23 MP: 6/6
   978 | D:1      | Reached skill level 4 in Stealth
  1399 | D:2      | Reached XP level 4. HP: 10/29 MP: 5/7
  1810 | D:2      | Found a burning altar of Makhleb.
  1868 | D:2      | Found a basalt altar of Yredelemnul.
  2279 | D:2      | Became a worshipper of Makhleb the Destroyer
  2322 | D:2      | Learned a level 3 spell: Spider Form
  2475 | D:3      | Noticed Sigmund
  2546 | D:3      | Found a radiant altar of Vehumet.
  2571 | D:3      | Mangled by an orc priest

Illustrated notes

Levels and vault maps discovered:
D:1:      minmay_arrival_arboretum_small, layout_basic
D:2:      minmay_kobold_bridge, layout_rooms, nicolae_overflow_hidden_temple,
          lemuel_altar_in_water
D:3:      layout_loops_ring, vehumet_crystals, uniq_sigmund

Skill      XL: |  1  2  3  4 |
---------------+-------------+-----
Stealth        | 2 3 4 |  4.0
Fighting       | 2 |  2.0
Dodging        | |  2.0
Unarmed Combat | |  3.8
Spellcasting   | |  2.0
Transmutations | |  2.0

Action                   |  1- 3 |  4- 6 || total
-------------------------+-------+-------++-------
Melee: Unarmed           |    74 |    41 ||   115
       Constrict         |    18 |    13 ||    31
       Kick              |     7 |     7 ||    14
       Tentacles         |     7 |     7 ||    14
       Punch             |       |     4 ||     4
 Cast: Beastly Appendage |     8 |     5 ||    13
       Wereblood         |     4 |     1 ||     5
  Use: Potion            |       |     2 ||     2
       Scroll            |       |     1 ||     1
 Stab: Sleeping          |     8 |     2 ||    10
       Distracted        |     1 |       ||     1
Armor: Skin              |     6 |     1 ||     7
Dodge: Dodged            |    45 |    22 ||    67

Table legend: (Time is in decaauts)
 A = Elapsed time spent in this place.
 B = Non-inter-level travel time spent in this place.
 C = Inter-level travel time spent in this place.
 D = Time resting spent in this place.
 E = Time spent auto-exploring this place.
 F = Levels seen in this place.
 G = Mean time per level.
                   A        B        C        D        E       F      G
               +--------+--------+--------+--------+--------+-----+--------+
         Total |   2562 |   2414 |    148 |    397 |   1694 |   3 |  854.0 |
       Dungeon |   2562 |   2414 |    148 |    397 |   1694 |   3 |  854.0 |
               +--------+--------+--------+--------+--------+-----+--------+

Top non-repeatable levels by time:
     D:2: 1224 daAuts
     D:1: 1099 daAuts
     D:3: 239 daAuts
